 Dungeon Crawl Stone Soup version 0.25-a0-42-g6c54e25894 (webtiles) character file.

Game seed: 14568702473705820979, levelgen mode: deterministic

39 Esekla the Magician (level 3, 0/28 HPs)
             Began as a Deep Elf Wizard on Oct 22, 2019.
             Succumbed to an adder's poison
             ... on level 2 of the Dungeon.
             The game lasted 00:08:58 (895 turns).

Esekla the Magician (Deep Elf Wizard)                Turns: 895, Time: 00:08:58

Health: 0/28       AC: 21    Str:  5    XL:     3   Next: 28%
Magic:  6/11       EV:  2    Int: 22    God:
Gold:   67         SH:  0    Dex: 13    Spells: 3/12 levels left

rFire    . . .     SeeInvis .   k - +0 short sword
rCold    . . .     Gourm    .   (no shield)
rNeg     + + +     Faith    .   (armour currently unavailable)
rPois    +         Spirit   .   (helmet currently unavailable)
rElec    .         Reflect  .   (cloak currently unavailable)
rCorr    .         Harm     .   (gloves currently unavailable)
MR       .....     NoTele   +   (boots currently unavailable)
Stlth    ++........             (no amulet)
HPRegen  0.09/turn              (no ring)
MPRegen  0.12/turn              (no ring)

@: lethally poisoned (0 -> -6), tree-form, berserk cooldown, very slightly
contaminated, slowed, very slow
A: no striking features
a: no special abilities


You were on level 2 of the Dungeon.
You were not hungry.
You were a tree.
You visited 1 branch of the dungeon, and saw 2 of its levels.

You collected 67 gold pieces.

Inventory:

Hand Weapons
 k - a +0 short sword (weapon)
Armour
 a - a +0 robe (melded)
 b - a +0 hat (melded)
Jewellery
 e - an uncursed ring of positive energy {unknown}
Scrolls
 c - a scroll of remove curse {unknown}
 h - a scroll of teleportation
 j - a scroll of enchant armour {unknown}
Potions
 f - a potion of lignification
Comestibles
 d - 3 rations


   Skills:
 + Level 2.8 Dodging
 + Level 2.7 Stealth
 + Level 5.1 Spellcasting
 * Level 2.0 Conjurations
   Level 1.1 Summonings
 * Level 1.6 Translocations


You had 3 spell levels left.
You knew the following spells:

 Your Spells              Type           Power        Failure   Level  Hunger
a - Magic Dart            Conj           ##..         4%          1    None
b - Blink                 Tloc           N/A          8%          2    None
c - Mephitic Cloud        Conj/Pois/Air  #.......     22%         3    ##.....
f - Conjure Flame         Conj/Fire      ##......     21%         3    ##.....

Your spell library contained the following spells:

 Spells                   Type           Power        Failure   Level  Hunger
 Call Imp                 Summ           ##......     10%         2    None
 Slow                     Hex            #.......     16%         2    None


Dungeon Overview and Level Annotations

Branches:
Dungeon (2/15)

Altars:

Annotations:
D:2 Jessica


Message History

Your +0 hat melds into your body.
Your +0 robe melds into your body.
Your roots penetrate the ground.
You feel strangely stable.
* * * LOW HITPOINT WARNING * * *
You feel sick.
It was a potion of berserk rage.
A red film seems to cover your vision as you go berserk!
You feel yourself moving faster!
You feel mighty!
* * * LOW HITPOINT WARNING * * *
You feel sick.
There is a lethal amount of poison in your body!
You feel a strong urge to attack something.
You feel your anger nearly subside.
* * * LOW HITPOINT WARNING * * *
You feel sick.
You are no longer berserk.
You are exhausted.
You feel yourself slow down.
* * * LOW HITPOINT WARNING * * *
You feel sick.
You die...

## .# #
####.# .#
.....##. #
#?..... #.
#.#..#
#..##.#†.#
#.%...♣..#
#####.####
#.## #..##
##..##
##)..####
#.......+
##...####
#..##


There were no monsters in sight!

Vanquished Creatures
  An adder (D:2)
  A dart slug (D:1)
  A leopard gecko (D:1)
  7 bats (D:1)
  A giant cockroach (D:1)
  4 goblins
  4 hobgoblins (D:1)
  2 kobolds (D:1)
  A ball python (D:1)
  2 rats
24 creatures vanquished.

Notes
Turn   | Place    | Note
-------+----------+-------------------------------------------
     0 | D:1      | Esekla the Deep Elf Wizard began the quest for the Orb.
     0 | D:1      | Reached XP level 1. HP: 10/10 MP: 7/7
   229 | D:1      | Reached XP level 2. HP: 15/15 MP: 3/9
   397 | D:1      | Reached skill level 5 in Spellcasting
   481 | D:1      | Learned a level 2 spell: Blink
   672 | D:1      | Reached XP level 3. HP: 19/19 MP: 6/11
   677 | D:1      | Learned a level 3 spell: Mephitic Cloud
   681 | D:1      | Learned a level 3 spell: Conjure Flame
   769 | D:2      | Noticed Jessica
   892 | D:2      | HP: 2/42 [poisoned by an adder]
   895 | D:2      | Succumbed to an adder's poison

Levels and vault maps discovered:
D:1:      minmay_arrival_diagonal_passages, layout_loops_cross
D:2:      layout_loops_corners, okawaru_ov_weapons_minmay, minitemple,
          uniq_jessica, uniq_natasha

Skill      XL: |  1  2 |
---------------+-------+-----
Spellcasting   | 5 |  5.1
Conjurations   | 2 |  2.0
Dodging        | |  2.8
Stealth        | |  2.7
Summonings     | |  1.1
Translocations | |  1.6

Action                   || total
-------------------------++-------
Melee: Unarmed           ||     1
       Dagger            ||     4
       Short sword       ||     2
 Cast: Magic Dart        ||    64
  Use: Potion            ||     2
       Scroll            ||     1
Armor: Robe              ||    12
Dodge: Dodged            ||    27

Table legend:
 A = Non-vault XP
 B = Vault XP
 C = Vault XP percentage of total XP
 D = Non-vault monster count
 E = Vault monster count
 F = Vault count percentage of total count
                 A         B        C        D         E       F
            +---------+---------+-------+---------+---------+-------
      Total |      57 |       0 |   0.0 |      24 |       0 |   0.0
            +---------+---------+-------+---------+---------+-------
        D:1 |      41 |       0 |   0.0 |      21 |       0 |   0.0
        D:2 |      16 |       0 |   0.0 |       3 |       0 |   0.0
            +---------+---------+-------+---------+---------+-------
